AoeStats
← EsquedaKING

Nomad

508359473Analyzed
3v3 RM · 10d ago on Sep 22, 2026· 32m 5s· 6 players
Game mode
Random Map
Map size
210×210
Population
200
Speed
Normal
Resources
Standard
Victory
Conquest
Starting age
Dark Age
Ending age
Imperial Age
RankedLock teamsTeams togetherTeam positionsShared explorationLock speedFull tech treeHidden civsTurbo modeCheats
Victory
Defeat
🇦🇷 Spanish · Argentina
1282
+11
🇺🇸 Maya · United States
1060
+20
🇲🇽 Japanese · Mexico
1038
+20
🇨🇱 Persians · Chile
1168
-18
🇨🇱 Vietnamese · Chile
1157
-17
🇨🇱 Franks · Chile
1133
-16
Buda-Cox
3:49 Loom
20:30 Feudal Age
20:58 Man-at-Arms
26:59 Castle Age
25:03 Horse Collar
25:25 Double-Bit Axe
26:51 Fletching
27:02 Padded Archer Armor
27:08 Crossbowman
28:53 Bow Saw
jorgex0000
12:29 Loom
16:54 Feudal Age
22:42 Castle Age
24:21 Scale Barding Armor
24:28 Forging
[TVDT] Nameless
10:09 Loom
farmer4510
3:51 Loom
20:04 Feudal Age
25:21 Double-Bit Axe
30:17 Horse Collar
34:37 Castle Age
EsquedaKING
16:48 Feudal Age
17:28 Fishing Lines
21:13 Castle Age
20:00 Forging
19:51 Scale Mail Armor
19:45 Double-Bit Axe
22:38 Iron Casting
22:19 Chain Mail Armor
23:28 Gillnets
KingCobraCar
4:45 Loom
13:03 Feudal Age
13:39 Double-Bit Axe
19:02 Castle Age
17:12 Horse Collar
20:51 Bloodlines
24:48 Fletching
29:09 Gold Mining
31:31 Heavy Plow
31:42 Bow Saw
32:10 Bodkin Arrow
Connection lost

Rejoining the realm…

Still unreachable

The connection could not be restored.

Session expired

The server has moved on; the page needs a fresh start.